 Dungeon Crawl Stone Soup version 0.18-a0-1390-gc02854d (webtiles) character file.

130 M4edhros the Insei (level 5, 0/33 HPs)
             Began as an Octopode Artificer on Feb 23, 2016.
             Succumbed to a worker ant's poison
             ... on level 4 of the Dungeon.
             The game lasted 00:02:53 (2460 turns).

M4edhros the Insei (Octopode Artificer)             Turns: 2460, Time: 00:02:53

Health: 0/33       AC:  1    Str:  7 (10) XL:     5   Next: 14%
Magic:  7/7        EV: 12    Int: 12 (15) God:
Gold:   161        SH:  0    Dex: 12 (13) Spells: 0 memorised, 4 levels left

rFire  . . .     SeeInvis .       - Unarmed
rCold  . . .     Gourm    .     (no shield)
rNeg   . . .     Faith    .     (helmet restricted)
rPois  .         Spirit   .     (no amulet)
rElec  .         Dismiss  .     (no ring)
rCorr  .         Reflect  .     (no ring)
SustAt .         Harm     .     (no ring)
MR     .....                    (no ring)
Stlth  +++.......               (no ring)
                                (no ring)
                                (no ring)
                                (no ring)

@: lethally poisoned (0 -> -7), not resistant to hostile enchantments, fairly
stealthy
A: almost no armour, amphibious, 8 rings, constrict 8, camouflage 1, gelatinous
body 1
a: no special abilities


You were on level 4 of the Dungeon.
You were not hungry.

You visited 1 branch of the dungeon, and saw 4 of its levels.

You collected 161 gold pieces.

Inventory:

Hand Weapons
 k - a +0 hunting sling
Missiles
 q - 8 javelins (quivered)
Wands
 b - a wand of flame (15/48)
 c - a wand of enslavement (15/24)
 d - a wand of random effects (15/48)
Scrolls
 e - a scroll of amnesia {unknown}
 h - a scroll of teleportation {unknown}
 i - 2 scrolls of remove curse {unknown}
 l - 10 scrolls of identify {unknown}
 m - a scroll of random uselessness {unknown}
 n - 2 scrolls of enchant weapon {unknown}
 o - a scroll of fog {unknown}
 p - a scroll of noise {unknown}
 r - 3 scrolls of enchant armour {unknown}
Potions
 j - a potion of cancellation
Comestibles
 a - a royal jelly
 f - 5 bread rations
 g - a meat ration
 s - a beef jerky


   Skills:
 - Level 1.0 Fighting
   Level 1.0 Short Blades
 - Level 2.0 Dodging
 - Level 1.3 Stealth
 + Level 4.6 Unarmed Combat
 - Level 3.2 Evocations


You had 4 spell levels left.
You didn't know any spells.

Dungeon Overview and Level Annotations

Branches:
Dungeon (4/15)
 Temple: D:4-7

Altars:
Nemelex Xobeh
Pakellas
Qazlal

Shops:
D:4 (

Annotations:
D:3 dvd's ghost, amateur OpIE


Innate Abilities, Weirdness & Mutations

You cannot wear most types of armour.
You are amphibious.
You can wear up to eight rings at the same time.
You can use your tentacles to constrict eight enemies at once.
Your skin changes colour to match your surroundings (Stealth).
Your rubbery body absorbs attacks (AC +1).


Message History

You kill the worker ant!
You have reached level 5!
You feel agile.
* * * LOW HITPOINT WARNING * * *
You feel sick.
* * * LOW HITPOINT WARNING * * *
You feel sick.
You see here a scroll labeled YTEOZEDI LAISI.
l - 10 scrolls labeled YTEOZEDI LAISI (gained 1)
* * * LOW HITPOINT WARNING * * *
You feel sick.
* * * LOW HITPOINT WARNING * * *
You feel sick.
* * * LOW HITPOINT WARNING * * *
You feel sick.
* * * LOW HITPOINT WARNING * * *
You feel sick.
* * * LOW HITPOINT WARNING * * *
You feel sick.
You die...

#..............#.><...
#..............#.###.#
#.[...........>#.#...#
#..............#.#.###
#..............#.#.
#..............#+#
#...............
#...............
#####@#####.##.. #.#
.# ## # #.# # # ... #
... . #.... # #..P.
#.....


There were no monsters in sight!

Vanquished Creatures
  A worker ant (D:4)
  5 adders
  2 worms (D:2)
  A dart slug (D:3)
  3 giant geckos
  7 bats
  3 giant cockroaches
  6 goblins
  7 hobgoblins
  9 kobolds
  A quokka (D:3)
  4 giant newts
  6 rats
55 creatures vanquished.

Notes
Turn   | Place    | Note
--------------------------------------------------------------
     0 | D:1      | M4edhros the Octopode Artificer began the quest for the Orb.
     0 | D:1      | Reached XP level 1. HP: 13/13 MP: 3/3
   136 | D:1      | Reached skill level 1 in Unarmed Combat
   159 | D:1      | Reached XP level 2. HP: 13/18 MP: 4/4
   275 | D:1      | Reached skill level 2 in Unarmed Combat
   647 | D:2      | Reached XP level 3. HP: 12/23 MP: 5/5
   659 | D:2      | Found a sparkling altar of Nemelex Xobeh.
   739 | D:2      | Reached skill level 3 in Unarmed Combat
  1148 | D:2      | Reached XP level 4. HP: 8/28 MP: 6/6
  1628 | D:2      | Found an oddly glowing altar of Pakellas.
  1764 | D:2      | Found a stormy altar of Qazlal.
  1847 | D:2      | Reached skill level 4 in Unarmed Combat
  2368 | D:3      | Noticed dvd's ghost (amateur OpIE)
  2373 | D:4      | Found Jousseuv's Antique Weapon Shop.
  2452 | D:4      | Reached XP level 5. HP: 7/33 MP: 7/7
  2459 | D:4      | HP: 1/33 [poisoned by a worker ant]
  2460 | D:4      | Succumbed to a worker ant's poison

Vault maps used:
D:1:      dpeg_arrival_round_b
D:2:      nemelex_deck, lemuel_round_altar, old_standard_altar, first_bread
D:3:      uniq_crazy_yiuf_cottage
D:4:      kennysheep_vampire_church, tso_altar, serial_shops, shop,
          minmay_misc_feat_plants

Skill      XL: |  1  2  3  4 |
---------------+-------------+-----
Unarmed Combat | 1 2 3 4 |  4.6
Fighting       | |  1.0
Short Blades   | |  1.0
Dodging        | |  2.0
Stealth        | |  1.3
Evocations     | |  3.2

Action                   |  1- 3 |  4- 6 || total
-------------------------+-------+-------++-------
Melee: Unarmed           |    82 |    75 ||   157
  Use: Potion            |     3 |     1 ||     4
 Stab: Sleeping          |    10 |     8 ||    18
  Eat: Chunk             |     1 |     4 ||     5
